 Dungeon Crawl Stone Soup version 0.30.0 (webtiles) character file.

Game seed: 14802849060944672994

1451 jasper the Cleaver (level 8, -4/67 HPs)
             Began as a Hill Orc Cinder Acolyte on May 6, 2023.
             Was a Believer of Ignis.
             Slain by an orc warrior
             ... wielding a +0 battleaxe
              (8 damage)
             ... on level 6 of the Dungeon.
             The game lasted 00:04:58 (3190 turns).

jasper the Cleaver (Hill Orc Cinder Acolyte)        Turns: 3190, Time: 00:04:59

Health: -4/67      AC: 15    Str: 19    XL:     8   Next: 75%
Magic:  9/9        EV: 10    Int: 14    God:    Ignis [**....]
Gold:   242        SH:  0    Dex:  6    Spells: 9/9 levels left

rFire   + . .        a - -1 hand axe (flame)
rCold   . . .        (no shield)
rNeg    . . .        l - +3 ring mail "Koawud" {Rampage rElec Regen+}
rPois   .            (no helmet)
rElec   +            (no cloak)
rCorr   .            (no gloves)
SInv    .            (no boots)
Will    .....        (no amulet) Stlth
                     (no ring)
HPRegen 1.11/turn    (no ring)
MPRegen 0.11/turn

%: rampage
@: fiery-armoured
A: no striking features
a: Renounce Religion, Convert to Beogh, Fiery Armour, Foxfire Swarm


You were on level 6 of the Dungeon.
You worshipped Ignis.
Ignis was pleased with you.
You visited 1 branch of the dungeon, and saw 6 of its levels.

You collected 242 gold pieces.

Inventory:

Hand Weapons
 a - a -1 hand axe of flaming (weapon)
Missiles
 s - a poisoned dart
 t - 24 stones (quivered)
Armour
 b - a +0 robe
 c - a +0 scale mail
 l - the +3 ring mail "Koawud" (worn) {Rampage rElec Regen+}
   (You found it on level 3 of the Dungeon)

   rElec:     It insulates you from electricity.
   Regen:     It increases your rate of health regeneration.
   Rampage:   It bestows one free step when moving towards enemies.
 x - the +0 scale mail "Tatetug" {Drain rF+++ rC++}
   (You found it on level 5 of the Dungeon)

   rF:        It renders you almost immune to fire.
   rC:        It greatly protects you from cold.
   Drain:     It drains your maximum health when unequipped.
Wands
 y - a wand of polymorph (4)
Scrolls
 d - a scroll of noise {unknown}
 e - a scroll of teleportation {unknown}
 f - 2 scrolls of amnesia {unknown}
 g - 3 scrolls of identify {unknown}
 i - a scroll of silence {unknown}
 k - 2 scrolls of fear {unknown}
 r - a scroll of magic mapping {unknown}
 u - a scroll of acquirement {unknown}
 v - a scroll of enchant armour {unknown}
 w - a scroll of fog {unknown}
Potions
 h - 4 potions of curing {unknown}
 j - a potion of cancellation {unknown}
 m - a potion of lignification {unknown}
 n - 2 potions of degeneration {unknown}
 o - 2 potions of might {unknown}
 p - a potion of flight {unknown}
 q - a potion of mutation {unknown}


   Skills:
 + Level 4.7 Fighting
 * Level 13.3 Axes
 + Level 2.3 Armour
 - Level 1.0 Spellcasting
 - Level 3.2 Fire Magic


You had 9 spell levels left.
You didn't know any spells.
Your spell library contained the following spells:

 Spells                   Type           Power      Damage    Failure   Level
 Scorch                   Fire           18%        2d5       17%         2
 Ozocubu's Armour         Ice            0%         N/A       78%         3
 Ozocubu's Refrigeration  Ice            0%         4d7       100%        7


Dungeon Overview and Level Annotations

Branches:
Dungeon (6/15)             Temple (0/1) D:5

Altars:
Nemelex Xobeh
Uskayaw
Xom

Shops:
D:1 =

Annotations:
D:4 Dowan, Duvessa


Message History

The foxfire hits the orc warrior.
The orc warrior is heavily wounded.
The foxfire hits the orc warrior but does no damage.
The orc warrior is heavily wounded.
You barely miss the orc warrior.
The orc warrior is heavily wounded.
You slash the orc warrior! You burn the orc warrior.
The orc warrior is severely wounded.
You hear some strange, mumbled words.
A puff of flame appears from out of thin air!
The puff of flame hits you. You resist.
* * * LOW HITPOINT WARNING * * *
You rampage towards the orc priest!
You barely miss the orc priest.
You hit the orc warrior but do no damage.
You miss something.
The orc priest hits you but does no damage.
The orc priest is burned by your cloak of flames.
The orc priest is heavily wounded.
The orc warrior closely misses you. Something hits you but does no damage.
Reactivating autopickup.
You feel a bit more experienced.
You closely miss the orc priest.
The orc priest is heavily wounded.
You hit the orc warrior. You burn the orc warrior.
The orc priest shouts, "Surrender to Beogh and we'll let you live!"
You hit the orc priest but do no damage.
The orc priest is heavily wounded.
You barely miss the orc warrior.
The orc priest calls upon Beogh to heal the orc warrior.
The orc warrior is healed somewhat.
The orc warrior hits you with a +0 battleaxe!
* * * LOW HITPOINT WARNING * * *
The orc warrior is burned by your cloak of flames.
The orc warrior is almost dead.
You hit the orc priest. You burn the orc priest.
The orc priest is severely wounded.
You hit the orc warrior but do no damage.
The orc priest barely misses you.
The orc warrior hits you with a +0 battleaxe!
You die...

#...# ##^##...##
##..##...#......
##........#......
####................
###.#..........#......
##..............##.....
#....#.................
##..##.o#..............
###..@.##.............
##.o)........ ..>...
#...........
##.)...#.... #...####
.. ##...# . #.⌠.⌠...##
#.._...... ##⌠.⌠.....?.


You could see an orc warrior and an orc priest.

Vanquished Creatures
  Pikel (D:5)
  2 water moccasins
  An ogre (D:5)
  3 lemures (D:5)
  A centaur (D:6)
  A phantom (D:5)
  A scorpion (D:4)
  5 hounds
  An orc priest (D:6)
  A jelly (D:5)
  An orc wizard (D:6)
  3 iguanas
  3 gnolls (D:4)
  9 adders
  A white imp (D:6)
  3 ufetubi (D:5)
  2 worms (D:3)
  2 dart slugs
  2 orcs (D:3)
  4 bats
  4 endoplasms
  5 giant cockroaches
  5 goblins
  7 hobgoblins
  5 kobolds
  3 quokkas
  3 ball pythons
  4 rats
83 creatures vanquished.

Vanquished Creatures (others)
  47 foxfires
47 creatures vanquished.

Grand Total: 130 creatures vanquished

Notes
Turn   | Place    | Note
-------+----------+-------------------------------------------
     0 | D:1      | jasper the Hill Orc Cinder Acolyte began the quest for the
                  | Orb.
     0 | D:1      | Reached XP level 1. HP: 19/19 MP: 2/2
    38 | D:1      | Found a faded altar of an unknown god.
   182 | D:1      | Reached XP level 2. HP: 21/26 MP: 3/3
   256 | D:1      | Found Dafama's Jewellery Shoppe.
   614 | D:1      | Reached skill level 5 in Axes
   955 | D:2      | Reached XP level 3. HP: 31/31 MP: 4/4
  1492 | D:3      | Reached skill level 6 in Axes
  1563 | D:3      | Reached XP level 4. HP: 39/39 MP: 5/5
  1714 | D:3      | Found a hide-covered altar of Uskayaw.
  1749 | D:3      | Identified the +3 ring mail "Koawud" {Rampage rElec Regen+}
  1834 | D:3      | Identified the +0 ring mail of the Turtle {rElec rC- Regen+
                  | Dex+8}
  1930 | D:3      | Reached skill level 7 in Axes
  2101 | D:4      | Noticed a scorpion
  2108 | D:4      | Killed a scorpion
  2109 | D:4      | Reached XP level 5. HP: 40/45 MP: 6/6
  2200 | D:4      | Reached skill level 8 in Axes
  2368 | D:4      | Reached XP level 6. HP: 51/51 MP: 7/7
  2372 | D:4      | Noticed Dowan
  2374 | D:4      | Noticed Duvessa
  2439 | D:5      | Entered Level 5 of the Dungeon
  2448 | D:5      | Reached skill level 9 in Axes
  2459 | D:5      | Reached skill level 10 in Axes
  2459 | D:5      | Reached XP level 7. HP: 57/57 MP: 8/8
  2572 | D:5      | Found a shimmering altar of Xom.
  2636 | D:5      | Found a staircase to the Ecumenical Temple.
  2675 | D:5      | Noticed Pikel
  2682 | D:5      | Killed Pikel
  2683 | D:5      | Reached skill level 12 in Axes
  2683 | D:5      | Reached XP level 8. HP: 64/64 MP: 9/9
  2717 | D:5      | Reached skill level 1 in Armour
  2806 | D:5      | Identified the +0 scale mail "Tatetug" {Drain rF+++ rC++}
  3033 | D:6      | Reached skill level 13 in Axes
  3167 | D:6      | Found a sparkling altar of Nemelex Xobeh.
  3190 | D:6      | Slain by an orc warrior

Illustrated notes

Levels and vault maps discovered:
D:1:      minmay_arrival_up_and_down, layout_basic,
          hellmonk_ecumenical_altar_pennies_from_heaven, serial_shops,
          nicolae_shop_crystal
D:2:      layout_loops_ring
D:3:      layout_rooms, lemuel_crystal_altar
D:4:      layout_basic, yredelemnul_altar_generic, uniq_duvessa
D:5:      layout_cave_pools, old_standard_altar, minmay_temple_entry_mist,
          st_stairs_5, uniq_pikel
D:6:      layout_cave_pools, nemelex_xobeh_ov_fountains_minmay,
          mainiacjoe_overflow_cross_hatched, st_stairs_8

Skill      XL: |  1  2  3  4  5  6  7  8 |
---------------+-------------------------+-----
Axes           | 5 6 7 8 10 12 13 | 13.3
Armour         | 2 |  2.3
Fighting       | 4 |  4.7
Spellcasting   | |  1.0
Fire Magic     | |  3.2

Action                     |  1- 3 |  4- 6 |  7- 9 || total
---------------------------+-------+-------+-------++-------
  Melee: Hand axe          |   103 |   114 |   137 ||   354
         Punch             |       |     2 |     3 ||     5
  Throw: Stone             |    40 |    13 |       ||    53
         Dart              |       |     2 |       ||     2
 Invoke: Fiery Armour      |       |     2 |     2 ||     4
         Rising Flame      |       |     1 |       ||     1
         Foxfire Swarm     |       |       |     3 ||     3
 Armour: Scale mail        |    47 |     6 |       ||    53
         Ring mail         |       |    36 |    74 ||   110
  Dodge: Dodged            |    43 |    51 |    70 ||   164
